 Dungeon Crawl Stone Soup version 0.25-a0-294-gea9b1ad378 (webtiles) character file.

Game seed: 4144628187263994661, levelgen mode: deterministic

16918 Lanoc the Thaumaturge (level 12, -1/94 HPs)
             Began as a Gnoll Warper on Dec 19, 2019.
             Was an Elder of Sif Muna.
             Slain by Saint Roka
             ... wielding a +3 vampiric battleaxe
              (33 damage)
             ... on level 2 of the Orcish Mines.
             The game lasted 00:27:56 (10606 turns).

Lanoc the Thaumaturge (Gnoll Warper)               Turns: 10606, Time: 00:27:57

Health: -1/94      AC: 30    Str: 23    XL:     12   Next: 42%
Magic:  27/27      EV:  8    Int: 23    God:    Sif Muna [****..]
Gold:   608        SH:  0    Dex: 15    Spells: 21/28 levels left

rFire    . . .     SeeInvis .   b - +7 mace of Variability {chain chaos}
rCold    . . .     Gourm    .   (shield currently unavailable)
rNeg     . . .     Faith    .   w - +8 orange crystal plate armour {Archmagi, Int+3 Clar}
rPois    .         Spirit   .   U - +0 hat
rElec    .         Reflect  .   (no cloak)
rCorr    .         Harm     .   r - +1 pair of gloves
MR       ++...     Clarity  +   B - +0 pair of boots
Stlth    ..........             i - amulet of regeneration
HPRegen  0.65/turn              G - ring of Secrets {MR+ Str+4}
MPRegen  0.20/turn              T - ring of protection from magic

@: mighty, very slightly contaminated, hasted, invisible, very quick
A: distributed training, fangs 1, berserk 1, high mp 1, strong nose
a: Channel Magic, Forget Spell, Divine Exegesis, Renounce Religion


You were on level 2 of the Orcish Mines.
You worshipped Sif Muna.
Sif Muna was greatly pleased with you.
You were not hungry.

You visited 3 branches of the dungeon, and saw 15 of its levels.
You also visited: Sewer.

You collected 1190 gold pieces.
You spent 582 gold pieces at shops.

Inventory:

Hand Weapons
 a - the +9 quarterstaff of Arbitration {freeze, Dex+5 SInv}
   (You found it on level 4 of the Dungeon)

   It has been specially enchanted to freeze those struck by it, causing extra
   injury to most foes and up to half again as much damage against particularly
   susceptible opponents.
   It can also slow down cold-blooded creatures.
   It affects your dexterity (+5).
   It lets you see invisible.
 b - the +7 mace of Variability (weapon) {chain chaos}
   (You found it on level 10 of the Dungeon)

   Each time it hits an enemy it has a different, random effect.
Missiles
 e - 5 boomerangs of dispersal (quivered)
 l - a throwing net
 q - 154 arrows
 K - 3 curare-tipped darts
Armour
 r - a +1 pair of gloves (worn)
 w - the +8 orange crystal plate armour (worn) {Archmagi, Int+3 Clar}
   (You acquired it on level 6 of the Dungeon)

   It affects your intelligence (+3).
   It protects you against confusion.
 B - a +0 pair of boots (worn)
 U - a +0 hat (worn)
 X - a +0 large shield
Jewellery
 i - an amulet of regeneration (around neck)
 G - the ring of Secrets (left hand) {MR+ Str+4}
   (You found it on level 4 of the Dungeon)

   [ring of protection from magic]

   It affects your strength (+4).
   It affects your resistance to hostile enchantments.
 N - a +3 ring of intelligence
 T - a ring of protection from magic (right hand)
Wands
 y - a wand of flame (17)
 F - a wand of acid (6)
 L - a wand of digging (8)
 P - a wand of polymorph (12)
 W - a wand of paralysis (8)
Scrolls
 d - 4 scrolls of blinking
 p - 2 scrolls of amnesia
 u - 4 scrolls of immolation
 z - 5 scrolls of fear
 C - 5 scrolls of teleportation
 D - 2 scrolls of magic mapping
 E - 3 scrolls of fog
 J - 4 scrolls of remove curse
 M - 4 scrolls of enchant armour
 O - a scroll of identify
 R - a scroll of enchant weapon
 Y - a scroll of brand weapon
Potions
 c - 2 potions of haste
 g - a potion of resistance
 h - a potion of might
 j - a potion of cancellation
 m - a potion of mutation
 n - a potion of ambrosia
 t - a potion of brilliance
 v - 7 potions of lignification
 x - 6 potions of heal wounds
 H - 2 potions of flight
 I - a potion of magic
 Q - 3 potions of curing
Miscellaneous
 V - a box of beasts
Comestibles
 f - 22 rations


   Skills:
 + Level 8.6 Fighting
 + Level 7.1 Short Blades
 + Level 7.1 Long Blades
 + Level 7.1 Axes
 + Level 7.1 Maces & Flails
 + Level 8.6 Polearms
 + Level 7.1 Staves
 + Level 7.1 Slings
 + Level 7.1 Bows
 + Level 7.1 Crossbows
 + Level 7.6 Throwing
 + Level 7.6 Armour
 + Level 8.6 Dodging
 + Level 7.1 Stealth
 + Level 7.1 Shields
 + Level 7.1 Unarmed Combat
 + Level 8.8 Spellcasting
 + Level 5.9 Conjurations
 + Level 5.9 Hexes
 + Level 5.9 Charms
 + Level 5.9 Summonings
 + Level 5.9 Necromancy
 + Level 8.2 Translocations
 + Level 5.9 Transmutations
 + Level 5.9 Fire Magic
 + Level 5.9 Ice Magic
 + Level 5.9 Air Magic
 + Level 5.9 Earth Magic
 + Level 5.9 Poison Magic
 + Level 7.8 Invocations
 + Level 7.1 Evocations


You had 21 spell levels left.
You knew the following spells:

 Your Spells              Type           Power        Failure   Level  Hunger
a - Apportation           Tloc           ######       19%         1    None
b - Blink                 Tloc           N/A          26%         2    None
c - Passage of Golubria   Tloc           N/A          87%         4    ##.....

Your spell library contained the following spells:

 Spells                   Type           Power        Failure   Level  Hunger
 Shroud of Golubria       Chrm/Tloc      ######       38%         2    None
 Animate Skeleton         Necr           N/A          41%         1    None
 Confusing Touch          Hex            ######       41%         1    None
 Foxfire                  Conj/Fire      ####         41%         1    None
 Shock                    Conj/Air       ####         41%         1    None
 Summon Small Mammal      Summ           ####         41%         1    None
 Gell's Gravitas          Tloc           ######....   47%         3    None
 Lesser Beckoning         Tloc           ######....   47%         3    None
 Teleport Other           Tloc           ######..     47%         3    None
 Call Imp                 Summ           ######..     54%         2    None
 Searing Ray              Conj           ######       54%         2    None
 Sublimation of Blood     Necr           ######....   54%         2    None
 Swiftness                Chrm/Air       ######..     54%         2    None
 Call Canine Familiar     Summ           ######..     78%         3    None
 Confuse                  Hex            ######..     78%         3    None
 Static Discharge         Conj/Air       ######..     78%         3    None
 Summon Guardian Golem    Hex/Summ       ######..     78%         3    None
 Airstrike                Air            ######....   99%         4    ##.....
 Petrify                  Tmut/Erth      ######..     99%         4    ##.....
 Summon Ice Beast         Ice/Summ       ######..     99%         4    ##.....
 Summon Lightning Spire   Summ/Air       ######..     99%         4    ##.....
 Bolt of Magma            Conj/Fire/Erth ######....   100%        5    ####...
 Iskenderun's Battlesphe  Conj/Chrm      ######..     100%        5    ####...
 Lightning Bolt           Conj/Air       ######....   100%        5    ####...
 Metabolic Englaciation   Hex/Ice        ######....   100%        5    ####...
 Yara's Violent Unravell  Hex/Tmut       ######....   100%        5    ####...
 Iron Shot                Conj/Erth      ######....   100%        6    ######.
 Haunt                    Necr/Summ      ######....   100%        7    #######
 Orb of Destruction       Conj           ######....   100%        7    #######
 Spellforged Servitor     Conj/Summ      ######....   100%        7    #######


Dungeon Overview and Level Annotations

Branches:
Dungeon (12/15)            Temple (1/1) D:4            Lair (0/6) D:9
    Orc (2/2) D:9             Elf (0/3) Orc:2         Sewer (visited)

Altars:
Ashenzari
Cheibriados
Dithmenos
Elyvilon
Fedhas
Gozag
Hepliaklqana
Kikubaaqudgha
Makhleb
Nemelex Xobeh
Okawaru
Qazlal
Ru
Sif Muna
Trog
Uskayaw
Vehumet
Wu Jian
Xom
Yredelemnul
Zin
The Shining One

Shops:
Orc:1 *=   Orc:2 !:

Portals:
Trove: D:11 (give 14 potions of heal wounds)

Annotations:
D:7 bmj180's ghost, novice GnWn; mortelune's ghost, novice DsWn
D:12 Jorgrun
Orc:2 Saint Roka


Innate Abilities, Weirdness & Mutations

Your experience applies equally to all skills.
You have very sharp teeth.
Your uncanny sense of smell can sniff out nearby items.
You tend to lose your temper in combat.
You have an increased reservoir of magic. (+10% MP)


Message History

An orc warrior comes into view. It is wielding a +0 mace. x2
Saint Roka hits you with a +3 vampiric battleaxe!!
Saint Roka draws strength from your wounds!
Unknown command.
You sock Saint Roka! You drain Saint Roka.
Saint Roka is heavily wounded.
The orc warrior shouts! x3
Saint Roka calls down the wrath of Beogh upon you.
Beogh smites you!
An orc warrior comes into view. It is wielding a +0 dire flail.
The orc warrior shouts!
Unknown command.
You hit Saint Roka. You burn Saint Roka.
Saint Roka is heavily wounded.
The orc warrior shouts! x2
Saint Roka roars a battlecry!
The orc warriors go into a battle-frenzy!
An orc comes into view. It is wielding a +0 flail.
Saint Roka hits you with a +3 vampiric battleaxe!!
You die...

.# #[)#..)∩#.....#.....#.##......
.###).#....#o....................
.....)#....#.o...................
......##'###..o.oo........#..##.#
..8)..))..........)..........##.#
......##)###..............#.##...
'###..#....#....o...........##...
...#..#.)..#..#†o)...............
..#..#....#....@......##...##...
#..#...∩#.....<......#...####.
####..######................#.###
...............................#
...........................##.##
................#......#.......#
###............#............#..##
##..............#...............#
#...............#........##.##.##


You could see Saint Roka, an orc sorcerer, 4 orc warriors and an orc
(wandering).

Vanquished Creatures
  Erolcha (D:10)
  A two-headed ogre (D:11)
  A death knight (D:11)
  The ghost of Lanoc the Basher, a novice BaCK of Xom (D:6)
  An orc high priest (Orc:2)
  A wizard (D:11)
  3 orc sorcerers (Orc:2)
  2 cyclopes
  A gargoyle (D:10)
  A kobold demonologist (D:10)
  2 polar bears
  2 trolls (D:10)
  2 hippogriffs (D:9)
  Sigmund (D:5)
  A shadow (D:11)
  A centaur simulacrum (D:10)
  A wraith (D:11)
  A yak (D:10)
  A hungry ghost (D:10)
  7 wargs (Orc:2)
  A water moccasin (D:11)
  Duvessa (D:5)
  A swamp drake (D:9)
  3 ice beasts
  13 orc warriors
  A hornet zombie (D:9)
  An eye of draining (D:8)
  5 phantoms
  7 ogres
  A wolf (D:9)
  2 centaurs
  8 big kobolds
  7 bullfrogs
  Dowan (D:5)
  5 scorpions
  4 killer bees (D:8)
  5 wights (D:8)
  7 howler monkeys
  An electric eel (D:10)
  2 crimson imps
  5 hounds
  40 orc wizards
  3 bullfrog skeletons
  6 jellies
  A centaur skeleton (D:11)
  A water moccasin simulacrum (D:10)
  Ijyb (D:4)
  5 orc priests
  An iguana (D:7)
  7 worker ants
  A killer bee zombie (D:7)
  A hound skeleton (D:5)
  3 worker ant zombies
  Robin (D:2)
  11 adders
  A river rat (Sewer)
  4 shadow imps
  3 white imps
  An ufetubus (D:9)
  2 adder zombies
  6 oozes
  3 adder skeletons
  8 worms
  4 leopard geckos
  78 orcs
  5 ball pythons
  A bat zombie (D:1)
  10 giant cockroaches
  16 goblins
  10 hobgoblins
  6 quokkas
  11 bats
  5 frilled lizards
  A giant cockroach zombie (D:1)
  A jackal skeleton (D:3)
  37 kobolds
  A leopard gecko zombie (D:5)
  10 rats
419 creatures vanquished.

Vanquished Creatures (others)
  An ogre (D:9)
  A shadow imp (D:10)
  A rat (Sewer)
  13 fungi (D:5)
  A withered plant (D:7)
17 creatures vanquished.

Grand Total: 436 creatures vanquished

Notes
Turn   | Place    | Note
-------+----------+-------------------------------------------
     0 | D:1      | Lanoc the Gnoll Warper began the quest for the Orb.
     0 | D:1      | Reached XP level 1. HP: 20/20 MP: 6/6
   105 | D:1      | You fall into a shaft and drop 1 floor!
   131 | D:1      | Reached XP level 2. HP: 26/26 MP: 7/7
   523 | D:1      | Reached XP level 3. HP: 31/31 MP: 9/9
   527 | D:1      | Learned a level 2 spell: Blink
   610 | D:1      | Reached skill level 5 in Spellcasting
  1068 | D:2      | Found a shimmering blue altar of Sif Muna.
  1070 | D:2      | Found a snail-covered altar of Cheibriados.
  1170 | D:2      | Reached skill level 1 in Invocations
  1302 | D:2      | Became a worshipper of Sif Muna the Loreminder
  1328 | D:2      | Reached skill level 1 in Short Blades
  1328 | D:2      | Reached skill level 1 in Long Blades
  1328 | D:2      | Reached skill level 1 in Axes
  1328 | D:2      | Reached skill level 1 in Maces & Flails
  1328 | D:2      | Reached skill level 1 in Staves
  1328 | D:2      | Reached skill level 1 in Slings
  1328 | D:2      | Reached skill level 1 in Bows
  1328 | D:2      | Reached skill level 1 in Crossbows
  1328 | D:2      | Reached skill level 1 in Stealth
  1328 | D:2      | Reached skill level 1 in Shields
  1328 | D:2      | Reached skill level 1 in Unarmed Combat
  1328 | D:2      | Reached skill level 1 in Evocations
  1363 | D:2      | Reached XP level 4. HP: 28/38 MP: 11/11
  1601 | D:2      | Noticed Robin
  1659 | D:2      | Killed Robin
  1659 | D:2      | Reached skill level 1 in Conjurations
  1659 | D:2      | Reached skill level 1 in Hexes
  1659 | D:2      | Reached skill level 1 in Charms
  1659 | D:2      | Reached skill level 1 in Summonings
  1659 | D:2      | Reached skill level 1 in Necromancy
  1659 | D:2      | Reached skill level 1 in Transmutations
  1659 | D:2      | Reached skill level 1 in Fire Magic
  1659 | D:2      | Reached skill level 1 in Ice Magic
  1659 | D:2      | Reached skill level 1 in Air Magic
  1659 | D:2      | Reached skill level 1 in Earth Magic
  1659 | D:2      | Reached skill level 1 in Poison Magic
  1663 | D:2      | Reached * piety under Sif Muna
  1869 | D:3      | Found a hide-covered altar of Uskayaw.
  1902 | D:3      | Found a glowing drain.
  1932 | D:3      | Learned a level 4 spell: Passage of Golubria
  1959 | Sewer    | Entered a sewer
  1983 | Sewer    | Reached XP level 5. HP: 43/43 MP: 12/12
  2086 | Sewer    | Noticed a big kobold
  2108 | Sewer    | Killed a big kobold
  2325 | Sewer    | Noticed a big kobold
  2338 | Sewer    | Killed a big kobold
  2338 | Sewer    | Reached XP level 6. HP: 43/50 MP: 14/14
  2457 | Sewer    | Gained mutation: You tend to lose your temper in combat.
                  | [potion of mutation]
  2457 | Sewer    | Gained mutation: You have an increased reservoir of magic.
                  | (+10% MP) [potion of mutation]
  2476 | Sewer    | Reached skill level 5 in Fighting
  2476 | Sewer    | Reached skill level 5 in Polearms
  2476 | Sewer    | Reached skill level 5 in Dodging
  2486 | Sewer    | Reached XP level 7. HP: 47/56 MP: 16/16
  2559 | D:3      | Reached ** piety under Sif Muna
  3168 | D:4      | Got a warped quarterstaff
  3169 | D:4      | Identified the +9 quarterstaff of Arbitration {freeze,
                  | Dex+5 SInv} (You found it on level 4 of the Dungeon)
  3185 | D:4      | Got a fine granite ring
  3186 | D:4      | Identified the ring of Secrets {MR+ Str+4} (You found it on
                  | level 4 of the Dungeon)
  3223 | D:4      | Found a staircase to the Ecumenical Temple.
  3227 | D:4      | Noticed Ijyb
  3239 | D:4      | Killed Ijyb
  3258 | Temple   | Entered the Ecumenical Temple
  3396 | D:4      | You fall into a shaft and drop 1 floor!
  3396 | D:5      | Entered Level 5 of the Dungeon
  3469 | D:5      | Noticed Sigmund
  3474 | D:5      | Killed Sigmund
  3474 | D:5      | Reached XP level 8. HP: 48/63 MP: 18/18
  3835 | D:5      | Noticed Duvessa
  3841 | D:5      | Noticed Dowan
  3843 | D:5      | Killed Duvessa
  3851 | D:5      | Killed Dowan
  4027 | D:5      | Reached *** piety under Sif Muna
  4273 | D:5      | Reached XP level 9. HP: 64/69 MP: 20/20
  4742 | D:4      | Found an ancient bone altar of Kikubaaqudgha.
  4895 | D:6      | Found a shattered altar of Ashenzari.
  5179 | D:6      | Found a bloodstained altar of Trog.
  5180 | D:6      | Found an ancient bone altar of Kikubaaqudgha.
  5398 | D:7      | Found a runed translucent gate.
  5549 | D:7      | Reached skill level 5 in Throwing
  5549 | D:7      | Reached skill level 5 in Armour
  5608 | D:7      | Found a runed translucent gate.
  5609 | D:7      | Found a runed translucent gate.
  5610 | D:7      | Noticed Lanoc's ghost (novice BaCK)
  5610 | D:7      | Noticed mortelune's ghost (novice DsWn)
  5611 | D:7      | Noticed bmj180's ghost (novice GnWn)
  5685 | D:7      | Reached **** piety under Sif Muna
  5860 | D:6      | Identified 2 scrolls of acquirement
  5880 | D:6      | Killed Lanoc's ghost
  5880 | D:6      | Reached skill level 5 in Invocations
  5922 | D:6      | Found the +8 orange crystal plate armour {Archmagi, Int+3
                  | Clar}
  6029 | D:8      | Reached XP level 10. HP: 67/77 MP: 22/22
  6203 | D:8      | Reached skill level 5 in Short Blades
  6203 | D:8      | Reached skill level 5 in Long Blades
  6203 | D:8      | Reached skill level 5 in Axes
  6203 | D:8      | Reached skill level 5 in Maces & Flails
  6203 | D:8      | Reached skill level 5 in Staves
  6203 | D:8      | Reached skill level 5 in Slings
  6203 | D:8      | Reached skill level 5 in Bows
  6203 | D:8      | Reached skill level 5 in Crossbows
  6203 | D:8      | Reached skill level 5 in Stealth
  6203 | D:8      | Reached skill level 5 in Shields
  6203 | D:8      | Reached skill level 5 in Unarmed Combat
  6203 | D:8      | Reached skill level 5 in Evocations
  6455 | D:8      | Reached ***** piety under Sif Muna
  6455 | D:8      | Identified Sif Muna's Papyrus of Dark Battle Magic (Sif
                  | Muna gifted it to you on level 8 of the Dungeon)
  6455 | D:8      | Received a gift from Sif Muna
  7084 | D:9      | Found a staircase to the Orcish Mines.
  7327 | D:9      | Found a staircase to the Lair.
  7385 | D:10     | Entered Level 10 of the Dungeon
  7547 | D:9      | Reached XP level 11. HP: 59/84 MP: 24/24
  7842 | D:10     | Paralysed by fainting for 6 turns
  7863 | D:10     | Reached skill level 5 in Conjurations
  7863 | D:10     | Reached skill level 5 in Hexes
  7863 | D:10     | Reached skill level 5 in Charms
  7863 | D:10     | Reached skill level 5 in Summonings
  7863 | D:10     | Reached skill level 5 in Necromancy
  7863 | D:10     | Reached skill level 5 in Transmutations
  7863 | D:10     | Reached skill level 5 in Fire Magic
  7863 | D:10     | Reached skill level 5 in Ice Magic
  7863 | D:10     | Reached skill level 5 in Air Magic
  7863 | D:10     | Reached skill level 5 in Earth Magic
  7863 | D:10     | Reached skill level 5 in Poison Magic
  7976 | D:10     | Found the +7 mace of Variability {chain chaos}
  8162 | D:10     | Noticed Erolcha
  8175 | D:10     | Killed Erolcha
  8268 | D:11     | Noticed a death knight
  8272 | D:11     | Noticed a sun demon
  8542 | D:11     | Received a gift from Sif Muna
  8689 | D:11     | Killed a death knight
  8795 | D:11     | Noticed a two-headed ogre
  8798 | D:11     | Killed a two-headed ogre
  9030 | D:11     | Found a portal to a secret trove of treasure.
  9191 | D:11     | Noticed a wizard
  9199 | D:11     | Killed a wizard
  9244 | D:11     | Learned a level 1 spell: Apportation
  9400 | D:12     | Noticed a cyclops
  9404 | D:12     | Killed a cyclops
  9420 | D:12     | Found a shadowy altar of Dithmenos.
  9578 | D:12     | Noticed Jorgrun
  9761 | Orc:1    | Entered Level 1 of the Orcish Mines
  9761 | Orc:1    | Found Xorelear's Assorted Antiques.
  9785 | Orc:1    | Bought 3 scrolls labeled SAEFOT VAGE for 78 gold pieces
  9785 | Orc:1    | Bought a puce potion for 23 gold pieces
  9884 | Orc:1    | Found Buyryupn's Jewellery Shoppe.
  9939 | Orc:2    | Entered Level 2 of the Orcish Mines
  9939 | Orc:2    | Noticed a cyclops
  9959 | Orc:2    | Killed a cyclops
  9959 | Orc:2    | Reached XP level 12. HP: 62/93 MP: 26/26
 10104 | Orc:2    | Noticed a sun demon
 10137 | Orc:1    | Noticed a two-headed ogre
 10255 | Orc:2    | Noticed an orc high priest
 10353 | Orc:2    | Found Cohuar's Distillery.
 10353 | Orc:2    | Found Ererah's Book Boutique.
 10364 | Orc:2    | Killed an orc high priest
 10384 | Orc:2    | Bought 2 potions of heal wounds for 130 gold pieces
 10384 | Orc:2    | Bought a potion of curing for 39 gold pieces
 10384 | Orc:2    | Bought a potion of haste for 130 gold pieces
 10384 | Orc:2    | Bought a potion of might for 52 gold pieces
 10384 | Orc:2    | Bought a potion of resistance for 130 gold pieces
 10506 | Orc:2    | Found a staircase to the Elven Halls.
 10551 | Orc:2    | Noticed Saint Roka
 10606 | Orc:2    | Slain by Saint Roka

Levels and vault maps discovered:
D:1:      saegor_arrival_fortress, layout_loops_ring, minmay_quantized
D:2:      layout_rooms, grunt_temple_overflow_open, uniq_robin
D:3:      layout_loops_ring, eat_drink_and_be_merry_uskayaw, first_ration,
          cheibrodos_sewer_entry_sluice, minmay_increasing_density
D:4:      layout_rooms, minmay_temple_entry_glassed_door, lemuel_tele_altar,
          uniq_ijyb
D:5:      layout_basic, serial_aquarium, aquarium_bridge_long_separate
          [aquarium_subvault_window, aquarium_subvault_bridge,
          aquarium_subvault_wall, aquarium_subvault_bridge,
          aquarium_subvault_wall, aquarium_subvault_window],
          aquarium_bridge_island_small [aquarium_subvault_small_open,
          aquarium_subvault_bridge, aquarium_subvault_balcony,
          aquarium_subvault_window, aquarium_subvault_bridge],
          aquarium_window_fake, aquarium_window_fake, aquarium_window_2,
          aquarium_window_1, aquarium_view_2c, aquarium_view_2f, uniq_sigmund,
          uniq_duvessa
D:6:      layout_loops_ring, gammafunk_temple_overflow_pools,
          cheibrodos_ashenzari_chains, glass_columns_a
D:7:      layout_rooms, gammafunk_ghost_cemetery
D:8:      layout_rooms, hangedman_little_slice_of_home
D:9:      layout_basic, lair_entry_dummy, erik_orc_1, hex_tiny
D:10:     layout_rooms, serial_ice, serial_ice_k, serial_ice_o, serial_ice_a,
          serial_ice_n, uniq_erolcha
D:11:     layout_basic, enter_trove_6, grunt_ministairs_4, lightli_wizard_tower
D:12:     layout_roguey, serial_shops, nicolae_shop_window_shopping,
          grunt_dithmenos_shadows, uniq_jorgrun
Temple:   lightli_temple_of_artemis
Orc:1:    layout_caves, serial_shops, nicolae_shop_behind_doors,
          nicolae_shop_overgrown_old_shop, nicolae_shop_statue_plus, shop,
          nicolae_shop_behind_doors, minmay_orc_treasury
Orc:2:    st_orc_town, layout_caves, uniq_saint_roka

Skill      XL: |  1  2  3  4  5  6  7  8  9 10 11 12 |
---------------+-------------------------------------+-----
Spellcasting   | 5 6 7 8 |  8.8
Invocations    | 1 2 3 4 5 6 7 |  7.8
Short Blades   | 1 2 3 4 5 6 7 |  7.1
Long Blades    | 1 2 3 4 5 6 7 |  7.1
Axes           | 1 2 3 4 5 6 7 |  7.1
Maces & Flails | 1 2 3 4 5 6 7 |  7.1
Staves         | 1 2 3 4 5 6 7 |  7.1
Slings         | 1 2 3 4 5 6 7 |  7.1
Bows           | 1 2 3 4 5 6 7 |  7.1
Crossbows      | 1 2 3 4 5 6 7 |  7.1
Stealth        | 1 2 3 4 5 6 7 |  7.1
Shields        | 1 2 3 4 5 6 7 |  7.1
Unarmed Combat | 1 2 3 4 5 6 7 |  7.1
Evocations     | 1 2 3 4 5 6 7 |  7.1
Conjurations   | 1 2 3 4 5 |  5.9
Hexes          | 1 2 3 4 5 |  5.9
Charms         | 1 2 3 4 5 |  5.9
Summonings     | 1 2 3 4 5 |  5.9
Necromancy     | 1 2 3 4 5 |  5.9
Transmutations | 1 2 3 4 5 |  5.9
Fire Magic     | 1 2 3 4 5 |  5.9
Ice Magic      | 1 2 3 4 5 |  5.9
Air Magic      | 1 2 3 4 5 |  5.9
Earth Magic    | 1 2 3 4 5 |  5.9
Poison Magic   | 1 2 3 4 5 |  5.9
Throwing       | 3 4 5 6 7 |  7.6
Armour         | 3 4 5 6 7 |  7.6
Fighting       | 5 6 7 8 |  8.6
Polearms       | 5 6 7 8 |  8.6
Dodging        | 5 6 7 8 |  8.6
Translocations | 6 7 8 |  8.2

Action                   |  1- 3 |  4- 6 |  7- 9 | 10-12 || total
-------------------------+-------+-------+-------+-------++-------
Melee: Spear             |   190 |   201 |       |       ||   391
       Bite              |    20 |    35 |    28 |    69 ||   152
       Dagger            |       |    98 |    75 |       ||   173
       Quarterstaff      |       |       |   219 |   384 ||   603
       Punch             |       |       |     2 |       ||     2
       Great mace        |       |       |       |   261 ||   261
  Use: Scroll            |       |     9 |     8 |     8 ||    25
       Potion            |       |     6 |     2 |     4 ||    12
 Stab: Sleeping          |     1 |     2 |    13 |       ||    16
       Confused          |       |       |       |     3 ||     3
       Paralysed         |       |       |       |     2 ||     2
       Invisible         |       |       |       |     1 ||     1
  Eat: Chunk             |     2 |     4 |    12 |    20 ||    38
Armor: Leather armour    |    23 |    65 |    68 |       ||   156
       Crystal plate arm |       |       |    40 |   822 ||   862
Dodge: Dodged            |    93 |   170 |   210 |   206 ||   679

Table legend:
 A = Non-vault XP
 B = Vault XP
 C = Vault XP percentage of total XP
 D = Non-vault monster count
 E = Vault monster count
 F = Vault count percentage of total count
                 A         B        C        D         E       F
            +---------+---------+-------+---------+---------+-------
      Total |   13927 |   10242 |  42.4 |     285 |     135 |  32.1
            +---------+---------+-------+---------+---------+-------
        D:1 |      46 |       6 |  11.5 |      27 |       4 |  12.9
        D:2 |      55 |      38 |  40.9 |      15 |      13 |  46.4
        D:3 |      21 |      15 |  41.7 |      13 |       7 |  35.0
        D:4 |     290 |      39 |  11.9 |      20 |       1 |   4.8
        D:5 |    1048 |     457 |  30.4 |      20 |       3 |  13.0
        D:6 |     374 |     875 |  70.1 |      14 |       1 |   6.7
        D:7 |     738 |       0 |   0.0 |      20 |       0 |   0.0
        D:8 |    1751 |     159 |   8.3 |      50 |       8 |  13.8
        D:9 |    1599 |    1046 |  39.5 |      24 |      21 |  46.7
       D:10 |    2154 |    1816 |  45.7 |      21 |       7 |  25.0
       D:11 |    1706 |    1837 |  51.8 |      15 |       4 |  21.1
       D:12 |    1189 |      11 |   0.9 |      18 |       1 |   5.3
      Orc:1 |     517 |       0 |   0.0 |      10 |       0 |   0.0
      Orc:2 |    2439 |    3483 |  58.8 |      18 |      40 |  69.0
      Sewer |       0 |     460 | 100.0 |       0 |      25 | 100.0
            +---------+---------+-------+---------+---------+-------
